 Dungeon Crawl Stone Soup version 0.18-a0-425-ge088ad1 (webtiles) character file.

618 Korkiloff the Insei (level 7, 0/58 HPs)
             Began as a Demigod Monk on Nov 30, 2015.
             Succumbed to an adder's poison
             ... on level 6 of the Dungeon.
             The game lasted 00:31:41 (5183 turns).

Korkiloff the Insei (Demigod Monk)                  Turns: 5183, Time: 00:31:41

Health: 0/58       AC:  9    Str: 14    XL:     7   Next: 1%
Magic:  1/9        EV: 16    Int: 19    God:
Gold:   204        SH:  0    Dex: 21    Spells: 0 memorised, 6 levels left

rFire  . . .     SeeInvis .       - Unarmed
rCold  . . .     Clarity  .     a - +0 robe
rNeg   . . .     SustAt   +     (no shield)
rPois  .         Gourm    .     (no helmet)
rElec  .         Spirit   +     f - +2 cloak
rCorr  .         Dsmss    .     (no gloves)
rMut   .         Stasis   .     (no boots)
MR     .....                    D - amulet of guardian spirit
Stlth  +++.......               (no ring)
                                O - +3 ring of intelligence

@: lethally poisoned (0 -> -1), not resistant to hostile enchantments, fairly
stealthy
A: rough black scales 1, breathe flames 1, clever 1, high mp 1, sustain
attributes
a: Breathe Fire


You were on level 6 of the Dungeon.
You were near starving.

You visited 1 branch of the dungeon, and saw 6 of its levels.

You collected 204 gold pieces.

Inventory:

Hand Weapons
 c - a +0 hunting sling
 e - a +0 hunting sling
 m - a +0 hunting sling
 n - a +0 hunting sling
 s - a +2 flail of protection
 y - a +0 hunting sling
 A - a +0 rapier
 M - a +0 battleaxe
Missiles
 r - 15 sling bullets
 v - 4 steel sling bullets
 x - 8 bolts
 z - 25 poisoned needles (quivered)
 C - 9 bolts of penetration
 I - 17 arrows
 N - 16 sling bullets of flame
 P - 15 arrows of frost
Armour
 a - a +0 robe (worn)
 f - a +2 cloak (worn)
 j - a +0 leather armour
 k - a cursed +0 leather armour
 G - a +0 leather armour
 K - a +0 robe
Magical Staves
 i - an uncursed staff of energy
Jewellery
 D - an amulet of guardian spirit (around neck)
 O - a +3 ring of intelligence (left hand)
Wands
 E - a wand of invisibility (0)
 Q - a wand of random effects (3)
Scrolls
 h - 5 scrolls of identify
 l - a scroll of noise {unknown}
 q - 2 scrolls of fear {unknown}
 t - 2 scrolls of remove curse
 u - 3 scrolls of enchant armour {unknown}
 H - 2 scrolls of random uselessness {unknown}
 J - a scroll of teleportation
Potions
 o - a potion of curing
 p - a potion of resistance
 w - 3 potions of flight
 F - a potion of magic {unknown}
 L - 3 potions of degeneration
Comestibles
 b - 6 bread rations
 d - 2 meat rations
 g - a beef jerky


   Skills:
 + Level 3.8 Fighting
 + Level 2.0 Slings
 + Level 0.5(1.3) Throwing
 + Level 4.9 Dodging
 + Level 3.3 Stealth
 + Level 5.1 Unarmed Combat
 + Level 0.1 Evocations


You had 6 spell levels left.
You didn't know any spells.

Dungeon Overview and Level Annotations

Branches:
Dungeon (6/15)
 Temple: D:4-7

Shops:
D:5 :

Annotations:
D:4 Edmund
D:6 Dowan, Duvessa


Innate Abilities, Weirdness & Mutations

You have an increased reservoir of magic (+10% MP).
Your attributes are resistant to harm.
You are partially covered in rough black scales (AC +4, Dex -1).
You can breathe flames.
Your mind is acute. (Int +2)


Message History

Rough black scales grow over part of your body.
You feel clever.
Your throat feels hot.
The giant frog hits you but does no damage.
The adder bites you.
* * * LOW HITPOINT WARNING * * *
You are poisoned.
The adder poisons you!
The giant frog hits you but does no damage.
Drink which item? (? for menu, Esc to quit)
You can't drink that!
You feel sick. The adder closely misses you.
You feel sick.
The sky beast flickers out of sight!
Deactivating autopickup; reactivate with Ctrl-A.
The adder misses you. Something hits you but does no damage.
The giant frog hits you.
* * * LOW HITPOINT WARNING * * *
A sky beast appears from thin air!
Reactivating autopickup.
The adder bites you but does no damage.
You die...

######+####+##### ....#
................#######....#
..........................
.......................#
..............Y......$.+
.....####..............#
##+### #.....YSF......#
########.......# #@......#
+.......# #.......#
#.......# #.......#
#<......# ####+#... ... ..


You could see a sky beast, a giant frog and an adder.

Vanquished Creatures
  An ogre (D:5)
  A giant frog (D:5)
  2 scorpions
  A crimson imp (D:5)
  An iguana (D:5)
  A giant frog skeleton (D:5)
  A jelly (D:6)
  A hound (D:4)
  A worker ant (D:5)
  A hound zombie (D:5)
  11 adders
  2 oozes
  An adder skeleton (D:4)
  6 worms
  3 giant geckos
  6 orcs
  5 ball pythons
  7 bats
  6 giant cockroaches
  4 hobgoblins
  A giant gecko zombie (D:6)
  3 giant newts
  8 goblins
  4 kobolds
  3 rats
81 creatures vanquished.

Notes
Turn   | Place    | Note
--------------------------------------------------------------
     0 | D:1      | Korkiloff the Demigod Monk began the quest for the Orb.
     0 | D:1      | Reached XP level 1. HP: 18/18 MP: 3/3
   529 | D:1      | Reached XP level 2. HP: 25/25 MP: 4/4
  1139 | D:2      | Reached skill level 4 in Unarmed Combat
  1162 | D:2      | Reached XP level 3. HP: 30/30 MP: 5/5
  2334 | D:3      | Reached XP level 4. HP: 25/38 MP: 6/6
  2411 | D:3      | Found a blossoming altar of Fedhas.
  3076 | D:4      | Reached XP level 5. HP: 16/45 MP: 3/7
  3116 | D:4      | Noticed Edmund
  3876 | D:5      | Entered Level 5 of the Dungeon
  4100 | D:5      | Reached XP level 6. HP: 20/51 MP: 3/8
  4115 | D:5      | Found a bloodstained altar of Trog.
  4160 | D:5      | Found a glowing silver altar of Zin.
  4298 | D:5      | Found a sacrificial altar of Ru.
  4323 | D:5      | Reached skill level 1 in Slings
  4535 | D:5      | Reached skill level 5 in Unarmed Combat
  4602 | D:5      | Found Icyopp's Book Emporium.
  5086 | D:6      | Noticed Dowan
  5088 | D:6      | Noticed Duvessa
  5137 | D:6      | Reached XP level 7. HP: 35/58 MP: 6/9
  5175 | D:6      | Gained mutation: You are partially covered in rough black scales (AC +4, Dex -1). [potion of mutation]
  5175 | D:6      | Gained mutation: Your mind is acute. (Int +2) [potion of mutation]
  5175 | D:6      | Gained mutation: You can breathe flames. [potion of mutation]
  5180 | D:6      | HP: 1/58 [giant frog (3)]
  5183 | D:6      | Succumbed to an adder's poison

Vault maps used:
D:1:      wheals_arrival_linesprint
D:3:      lemuel_doored_altar, first_bread
D:4:      kennysheep_little_box, lemuel_round_altar, minmay_fountain_box,
          uniq_edmund
D:5:      kennysheep_mini_moat, serial_shops, shop, basic_altar,
          hangedman_ru_absence
D:6:      uniq_duvessa

Action                   |  1- 3 |  4- 6 |  7- 9 || total
-------------------------+-------+-------+-------++-------
Melee: Unarmed           |   131 |   196 |     6 ||   333
       Quarterstaff      |       |    18 |       ||    18
       Spear             |       |    10 |       ||    10
 Fire: Hunting sling     |       |    34 |       ||    34
Evoke: Wand              |       |     1 |       ||     1
  Use: Potion            |     1 |     4 |     2 ||     7
       Scroll            |       |     9 |       ||     9
 Stab: Sleeping          |     7 |     2 |       ||     9
       Distracted        |     1 |       |       ||     1
  Eat: Chunk             |     3 |     9 |       ||    12
